Map: Void Training Stage 3

Players

grillbottom - Winner!

  • Race: Terran Terran
  • Spawn Location: 12:00

Player 2

  • Race: Protoss Protoss
  • Spawn Location: 6:00

VOD

Have the link to the VOD?

Description

Time

  • Played on: Feb. 29, 2020, 6:02 a.m.
  • Length: 24:53
Show
View Real Time Build Order
Export as new Build Order

grillbottom Terran - Winner!

Build Orders:  

Get SALT Encoding   

  12  0:00  SCV  
  13  0:13  SCV  
  14  0:24  Supply Depot  
  14  0:28  SCV  
  14  0:35  Refinery  
  15  0:45  SCV  
  16  0:59  Barracks  
  16  1:07  SCV  
  17  1:14  Refinery  
  17  1:20  SCV  
  18  1:32  SCV  
  19  1:49  Orbital Command  
  19  1:55  Reaper  
  20  2:05  Factory  
  20  2:15  Supply Depot  
  20  2:19  SCV  
  21  2:27  Reaper  
  22  2:31  SCV  
  23  3:04  Hellion  
  25  3:33  SCV  
  26  3:50  Command Center  
  26  4:03  Starport  
  26  4:06  Reaper  
  27  4:20  Supply Depot  
  27  4:23  Hellion  
  29  4:47  Refinery  
  29  4:58  Barracks Reactor  
  29  5:18  Fusion Core  
  29  5:29  Starport Tech Lab  
  29  6:24  Marine  
  30  6:33  SCV  
  31  6:42  Marine  
  31  6:44  Factory Tech Lab  
  31  6:45  SCV  
  33  6:57  SCV  
  33  6:59  Battlecruiser  
  40  7:09  SCV  
  41  7:21  SCV  
  36  7:44  Cyclone  
  36  8:04  Battlecruiser  
  38  8:16  Cyclone  
  41  8:37  Orbital Command, Weapon Refit  
  41  8:48  Cyclone  
  44  9:19  Supply Depot  
  44  9:41  Battlecruiser  
  44  9:43  Starport  
  35  10:25  Cyclone  
  38  10:39  Starport Tech Lab  
  38  10:45  Battlecruiser  
  44  10:57  Cyclone  
  47  11:38  Battlecruiser  
  50  12:20  Orbital Command  
  41  12:27  Battlecruiser  
  45  14:21  Battlecruiser  
  33  17:21  Battlecruiser  
  39  17:24  Battlecruiser  
  39  17:29  Cyclone  
  48  17:36  Supply Depot  
  48  18:01  Cyclone  
  51  18:18  SCV  
  52  18:30  SCV  
  52  18:33  Cyclone  
  53  19:04  Battlecruiser  
  53  19:05  Cyclone  
  56  20:07  Battlecruiser  
  41  21:51  Battlecruiser  
  41  21:54  Cyclone  
  50  22:26  Cyclone, Banshee  
  58  22:58  Hellion  
  60  23:20  Hellion  
  62  23:41  Hellion  
Show
View Real Time Build Order
Export as new Build Order

Player 2 Protoss 

Build Orders:  

Get SALT Encoding   

  12  0:00  Probe  
  13  0:13  Probe  
  14  0:21  Pylon  
  14  0:25  Probe  
  15  0:35  Probe  
  16  0:44  Probe  
  16  0:47  Assimilator  
  17  0:50  Gateway  
  17  0:53  Probe  
  18  0:59  Pylon  
  18  1:29  Gateway  
  18  1:33  Assimilator  
  18  1:40  Cybernetics Core  
  18  1:45  Zealot  
  20  2:05  Pylon  
  20  2:07  Warp Gate  
  20  2:10  Adept  
  22  2:34  Zealot  
  24  2:53  Adept  
  24  2:54  Pylon  
  26  3:11  Adept  
  28  3:14  Probe  
  29  3:26  Probe  
  30  3:30  Stalker  
  30  3:34  Pylon  
  32  3:39  Probe  
  33  3:51  Forge, Probe  
  33  3:54  Adept  
  36  4:03  Probe  
  37  4:11  Probe  
  37  4:13  Adept  
  40  4:31  Adept  
  42  4:50  Adept  
  44  6:41  Probe  
  44  6:43  Stalker  
  44  6:45  Pylon  
  47  6:47  Photon Cannon  
  47  6:49  Photon Cannon  
  47  6:50  Robotics Facility  
  47  6:52  Stargate, Nexus  
  47  6:55  Twilight Council  
  47  6:57  Gateway  
  47  6:58  Stalker  
  47  7:00  Forge  
  49  7:07  Pylon  
  49  7:12  Stalker  
  51  7:26  Stalker  
  51  7:40  Stalker, Observer  
  54  7:55  Sentry  
  56  8:01  Observer  
  56  8:04  Probe  
  58  8:07  Probe  
  58  8:09  Stalker  
  57  8:14  Assimilator  
  57  8:16  Probe  
  57  8:17  Pylon  
  57  8:18  Probe  
  57  8:19  Pylon  
  55  8:24  Zealot  
  55  8:26  Probe  
  53  8:28  Probe  
  51  8:34  Probe  
  51  8:38  Zealot  
  51  8:40  Photon Cannon, Probe  
  53  8:45  Photon Cannon  
  53  8:46  Probe  
  53  8:52  Adept  
  53  8:53  Probe  
  56  8:58  Probe  
  56  9:02  Probe  
  57  9:07  Adept  
  60  9:10  Probe x2  
  62  9:20  Probe  
  62  9:21  Probe  
  64  9:29  Probe  
  64  9:32  Probe  
  64  9:37  Probe  
  67  10:07  Stalker  
  63  10:15  Assimilator  
  61  10:22  Sentry  
  63  10:36  Stalker  
  63  10:38  Probe  
  66  10:50  Stalker  
  68  11:17  Protoss Ground Weapons Level 1, Protoss Ground Armor Level 1  
  68  11:18  Warp Prism  
  68  11:32  Gateway  
  70  11:36  Robotics Bay  
  70  11:38  Pylon  
  70  11:42  Dark Shrine, Nexus  
  70  11:43  Fleet Beacon  
  70  11:45  Robotics Facility  
  70  11:47  Stargate  
  70  11:50  Templar Archives  
  70  11:53  Warp Prism  
  70  12:15  Gravitic Boosters  
  70  12:17  Stalker, Twilight Council  
  68  12:29  Observer  
  63  12:31  Stalker  
  61  12:44  Stalker  
  63  12:54  Probe  
  63  12:57  Dark Shrine, Probe  
  63  12:58  Sentry  
  67  13:00  Probe  
  68  13:06  Probe  
  68  13:07  Assimilator  
  68  13:08  Pylon  
  68  13:09  Probe  
  68  13:10  Pylon, Assimilator  
  68  13:12  Stalker, Probe  
  73  13:13  Gravitic Drive  
  73  13:18  Probe  
  74  13:21  Probe  
  74  13:24  Probe  
  74  13:25  Stalker  
  78  13:30  Photon Cannon, Probe  
  78  13:33  Photon Cannon  
  77  13:38  Probe  
  77  13:39  Stalker  
  69  13:50  Probe  
  69  13:52  Probe, Colossus  
  70  13:58  Twilight Council  
  70  14:00  Probe  
  71  14:06  Tempest  
  72  14:13  Forge, Probe  
  72  14:15  Probe  
  72  14:20  Stalker  
  72  14:21  Twilight Council  
  72  14:22  Probe  
  72  14:23  Warp Prism  
  72  14:33  Stalker  
  72  14:34  Gateway  
  72  14:36  Probe  
  72  14:37  Probe, Twilight Council  
  74  14:39  Warp Prism  
  72  14:50  Probe  
  72  14:52  Forge  
  74  14:54  Zealot  
  74  14:55  Probe  
  74  14:58  Twilight Council  
  74  15:00  Gateway  
  74  15:01  Forge  
  62  15:07  Probe  
  62  15:08  Stalker  
  62  15:11  Tempest  
  63  15:19  Probe  
  65  15:33  Warp Prism, Probe  
  65  15:35  Stalker  
  65  15:39  Probe  
  68  15:44  Void Ray  
  64  15:54  Adept  
  68  15:58  Adept  
  67  16:04  Immortal  
  66  16:11  Zealot  
  66  16:17  Pylon  
  66  16:19  Stalker  
  66  16:24  Stalker  
  70  16:36  Warp Prism  
  66  16:42  Stalker  
  64  16:47  Adept  
  64  16:49  Pylon  
  64  16:52  Gateway  
  66  16:54  Robotics Facility  
  66  16:56  Stargate  
  65  17:02  Pylon  
  60  17:17  Immortal  
  56  17:24  Pylon  
  60  17:34  Pylon  
  60  17:36  Pylon  
  58  17:46  Stalker, Gateway  
  60  17:52  Probe  
  60  17:55  Probe  
  62  18:02  Stalker, Nexus  
  62  18:04  Probe  
  63  18:05  Robotics Facility  
  63  18:07  Adept  
  65  18:16  Immortal  
  65  18:27  Adept  
  65  18:32  Stalker  
  65  18:33  Stargate  
  69  18:40  Adept  
  69  18:47  Void Ray  
  72  18:49  Gateway  
  72  18:53  Pylon  
  72  19:00  Stalker  
  74  19:04  Forge  
  74  19:06  Void Ray  
  66  19:26  Pylon  
  66  19:30  Void Ray  
  63  19:32  Stargate, Probe  
  63  19:34  Zealot  
  63  19:35  Probe, Cybernetics Core  
  63  19:38  Probe  
  63  19:42  Probe  
  63  19:43  Zealot  
  66  19:47  Probe  
  66  19:50  Probe x2  
  68  19:59  Phoenix  
  68  20:09  Photon Cannon, Probe  
  68  20:11  Probe  
  68  20:13  Void Ray  
  70  20:15  Probe  
  70  20:18  Twilight Council  
  70  20:19  Probe  
  63  20:24  Stalker  
  56  20:31  Zealot  
  57  20:38  Void Ray  
  57  20:47  Zealot  
  49  20:58  Stalker  
  49  20:59  Probe  
  45  21:05  Probe  
  38  21:17  Nexus  
  38  21:21  Stalker  
  35  21:28  Zealot  
  28  21:36  Stalker  
  28  21:37  Warp Prism  
  22  21:54  Probe  
  22  21:57  Probe  
  21  22:06  Probe  
  20  22:09  Probe  
  16  22:31  Pylon  
  16  22:35  Pylon  
  11  23:36  Probe  
  12  23:41  Probe  
  12  23:45  Probe  
  12  23:49  Probe  
  12  23:53  Probe  
  14  23:59  Probe  
  16  24:04  Nexus  
  15  24:14  Probe  
  7  24:25  Probe  
  8  24:33  Probe  
Tags
 
Add a new tag
Caveats
  • Supply blocks, unpowered buildings, or Contaminate may cause inaccurate times.
  • Supply counts are checked every 10 seconds.